 Dungeon Sprint DCSS version 0.16-a0-3803-gd4b2de5 (console) character file.

10646 Monkaria the Fencer (level 11, -6/94 HPs)
             Began as a Hill Orc Fighter on Jan 26, 2015.
             Was the Champion of Makhleb.
             Killed by divine providence
             ... invoked by an orc high priest
              (11 damage)
             ... while paralysed by an orc sorcerer
             ... in the Dungeon (Sprint IX: "|||||||||||||||||||||||||||||").
             The game lasted 00:08:16 (2023 turns).

Monkaria the Fencer (Hill Orc Fighter)              Turns: 2023, Time: 00:08:16

Health: -6/94      AC: 22    Str: 25    XL:     11   Next: 65%
Magic:  28/28      EV:  2    Int: 14    God:    Makhleb [******]
Gold:   900        SH:  0    Dex: 16    Spells: 0 memorised, 10 levels left

rFire  . . .     SeeInvis .     p - +2 scimitar of Moxkiudd {venom, Int+3}
rCold  . . .     Clarity  .     G - +0 plate armour
rNeg   . . .     SustAb   .     c - +0 shield
rPois  .         Gourm    .     E - +0 hat {Int+3}
rElec  .         Spirit   .     r - +0 cloak
rCorr  .         Warding  .     D - +0 pair of gloves
rMut   .         NoTele   +     q - +0 pair of boots
MR     .....                    (no amulet)
Stlth  ..........               u - +3 ring of dexterity
                                t - +3 ring of dexterity

@: paralysed, not resistant to hostile enchantments, extremely unstealthy
A: strong 1
a: Minor Destruction, Lesser Servant of Makhleb, Major Destruction, Greater
Servant of Makhleb, Renounce Religion, Convert to Beogh


You were in the Dungeon.
You worshipped Makhleb.
Makhleb was exalted by your worship.
You were hungry.

You visited 1 branch You collected 900 gold pieces.

Inventory:

Hand weapons
 p - the +2 scimitar of Moxkiudd (weapon) {venom, Int+3}
   (You found it in the Dungeon)

   It poisons the flesh of those it strikes.
   It affects your intelligence (+3).
Missiles
 y - 15 poisoned needles
Armour
 c - a +0 shield (worn)
 q - a +0 pair of boots (worn)
 r - a +0 cloak (worn)
 D - a +0 pair of gloves (worn)
 E - a +0 hat of intelligence (worn)
 F - a +0 chain mail of fire resistance
 G - a +0 plate armour (worn)
Jewellery
 t - a +3 ring of dexterity (left hand)
 u - a +3 ring of dexterity (right hand)
Magical devices
 o - a wand of fire (4)
Scrolls
 b - 2 scrolls of recharging
 k - 2 scrolls of blinking
 m - 5 scrolls of remove curse
 n - 2 scrolls of amnesia
 w - a scroll of identify
 x - a scroll of fear
Potions
 a - a potion of agility
 e - a potion of might
 f - a potion of invisibility
 g - 4 potions of heal wounds
 h - 2 potions of haste
 i - 4 potions of magic
 j - a potion of berserk rage
 l - 4 potions of curing
 z - a potion of restore abilities
Books
 v - a book of Alchemy

   Spells                             Type                      Level
   a - Sublimation of Blood           Necromancy                   2
   b - Alistair's Intoxication        Transmutation/Poison         4
   c - Condensation Shield            Ice                          4
   d - Petrify                        Transmutation/Earth          4
   e - Ignite Poison                  Fire/Transmutation           5
   f - Irradiate                      Conjuration/Transmutation    5
Comestibles
 d - 13 meat rations
 B - 40 fruits
 C - 12 bread rations


   Skills:
 - Level 8.1 Fighting
 - Level 17.2 Long Blades
 + Level 16.9 Armour
 - Level 11.6 Shields
 - Level 15.1 Invocations


You had 10 spell levels left.
You didn't know any spells.

Dungeon Overview and Level Annotations

Branches:
Dungeon (1/1)

Altars:
Cheibriados
Dithmenos
Elyvilon
Fedhas
Gozag
Kikubaaqudgha
Makhleb
Nemelex Xobeh
Okawaru
Qazlal
Ru
Sif Muna
Trog
Vehumet
Xom
Yredelemnul
Zin
The Shining One
Beogh
Jiyva
Lugonu

Shops:
D }:[}


Innate Abilities, Weirdness & Mutations

Your muscles are strong. (Str +2)


Message History

You see here a short sword.
You see here a short sword.
The orc sorcerer casts a spell at you. The bolt of fire hits you!
The orc sorcerer hits you but does no damage.
You hit the orc sorcerer but do no damage.
The orc sorcerer is poisoned.
The orc sorcerer points at you and mumbles some strange words.
You suddenly lose the ability to move!
The orc high priest mumbles some strange prayers to Beogh against you.
Something smites you!
* * * LOW HITPOINT WARNING * * *
The orc sorcerer casts a spell at you. The bolt of fire hits you!
* * * LOW HITPOINT WARNING * * *
The orc sorcerer hits you but does no damage.
The orc sorcerer gestures wildly while chanting.
The orc high priest invokes the aid of Beogh against you.
Something smites you!
You die...

▓▓▓▓▓▓▓▓▓▓▓▓▓▓▓▓▓▓▓▓▓▓▓▓▓▓▓▓▓▓▓▓▓
))[...o§)).))3oo@..)..))))))'....
▓▓▓▓▓▓▓▓▓▓▓▓▓▓▓▓▓▓▓▓▓▓▓▓▓▓▓▓▓▓▓▓▓
.................................
▓▓▓▓▓▓▓▓▓▓▓▓▓▓▓▓▓▓▓▓▓▓▓▓▓▓▓▓▓▓▓▓▓
'.........÷....÷..÷.÷.....).(....
▓▓▓▓▓▓▓▓▓▓▓▓▓▓▓▓▓▓▓▓▓▓▓▓▓▓▓▓▓▓▓▓▓
.................................
▓▓▓▓▓▓▓▓▓▓▓▓▓▓▓▓▓▓▓▓▓▓▓▓▓▓▓▓▓▓▓▓▓
..'_____________________'.....)..


You could see an ice devil, an orc high priest and an orc sorcerer.

Vanquished Creatures
  Gastronok (D)
  4 orc high priests (D)
  A hill giant (D)
  A manticore (D)
  2 orc sorcerers (D)
  An orc knight (D)
  A cyclops (D)
  2 black mambas (D)
  2 blue devils (D)
  A polar bear (D)
  A troll (D)
  A wraith (D)
  6 wolves (D)
  A hippogriff (D)
  A neqoxec (D)
  2 wargs (D)
  A porcupine (D)
  2 orc warriors (D)
  A sky beast (D)
  3 giant frogs (D)
  A hound (D)
  A goliath beetle (D)
  4 orc priests (D)
  2 jellies (D)
  3 orc wizards (D)
  4 adders (D)
  2 river rats (D)
  An adder skeleton (D)
  6 orcs (D)
  A bat skeleton (D)
  A bat zombie (D)
  A goblin (D)
  2 kobolds (D)
  2 quokkas (D)
  A bat (D)
  A giant newt (D)
  An orc zombie (D)
  A rat (D)
70 creatures vanquished.

Vanquished Creatures (collateral kills)
  A hydra (D)
  An orc high priest (D)
  An orc knight (D)
  A griffon (D)
  A red devil (D)
  A vampire mosquito (D)
  7 orc warriors (D)
  A crocodile (D)
  A hound (D)
  An orc wizard (D)
  An orc (D)
17 creatures vanquished.

Vanquished Creatures (others)
  A blizzard demon (D)
  A green death (D)
2 creatures vanquished.

Grand Total: 89 creatures vanquished

Notes
Turn   | Place    | Note
--------------------------------------------------------------
     0 | D        | Monkaria, the Hill Orc Fighter, began the quest for the Orb.
     0 | D        | Reached XP level 1. HP: 19/19 MP: 1/1
    18 | D        | Reached skill level 4 in Fighting
    35 | D        | Noticed a jelly
    51 | D        | Reached XP level 2. HP: 8/28 MP: 2/2
    65 | D        | Reached skill level 5 in Fighting
    65 | D        | Reached XP level 3. HP: 17/37 MP: 3/3
    68 | D        | Killed a jelly
    68 | D        | Reached skill level 7 in Fighting
    70 | D        | Reached skill level 8 in Fighting
    91 | D        | Found a glowing silver altar of Zin.
    91 | D        | Found a glowing golden altar of the Shining One.
    91 | D        | Found an ancient bone altar of Kikubaaqudgha.
    91 | D        | Found a basalt altar of Yredelemnul.
    91 | D        | Found a shimmering altar of Xom.
    91 | D        | Found a radiant altar of Vehumet.
    91 | D        | Found an iron altar of Okawaru.
    92 | D        | Found a burning altar of Makhleb.
    93 | D        | Found a deep blue altar of Sif Muna.
    94 | D        | Found a bloodstained altar of Trog.
    95 | D        | Found a sparkling altar of Nemelex Xobeh.
    96 | D        | Found a white marble altar of Elyvilon.
    97 | D        | Found a roughly hewn altar of Beogh.
    98 | D        | Found a viscous altar of Jiyva.
    99 | D        | Found a corrupted altar of Lugonu.
   100 | D        | Found a blossoming altar of Fedhas.
   101 | D        | Became a worshipper of Makhleb the Destroyer
   102 | D        | Found a snail-covered altar of Cheibriados.
   103 | D        | Found a shadowy altar of Dithmenos.
   104 | D        | Found a stormy altar of Qazlal.
   105 | D        | Found an opulent altar of Gozag.
   106 | D        | Found a sacrificial altar of Ru.
   124 | D        | Got the +2 scimitar of Moxkiudd {venom, Int+3}
   162 | D        | Noticed a goliath beetle
   162 | D        | Noticed a troll
   162 | D        | Noticed a wraith
   162 | D        | Noticed a sky beast
   162 | D        | Noticed a giant frog
   167 | D        | Killed a giant frog
   167 | D        | Reached XP level 4. HP: 36/48 MP: 4/4
   167 | D        | Reached XP level 5. HP: 39/53 MP: 5/5
   172 | D        | Killed a sky beast
   172 | D        | Acquired Makhleb's first power
   172 | D        | Reached skill level 10 in Long Blades
   179 | D        | Killed a wraith
   179 | D        | Reached skill level 12 in Long Blades
   179 | D        | Reached XP level 6. HP: 37/61 MP: 6/6
   185 | D        | Killed a troll
   185 | D        | Acquired Makhleb's second power
   185 | D        | Reached skill level 14 in Long Blades
   185 | D        | Reached XP level 7. HP: 51/68 MP: 7/7
   193 | D        | Killed a goliath beetle
   197 | D        | Gained mutation: Your muscles are strong. (Str +2) [mutagenic meat]
   267 | D        | Noticed a vampire mosquito
   267 | D        | Noticed a hill giant
   267 | D        | Noticed a jelly
   267 | D        | Noticed a manticore
   267 | D        | Noticed a cyclops
   270 | D        | Killed a jelly
   271 | D        | Acquired Makhleb's third power
   273 | D        | Killed a cyclops
   273 | D        | Reached skill level 15 in Long Blades
   273 | D        | Reached XP level 8. HP: 57/74 MP: 8/8
   276 | D        | Killed a manticore
   276 | D        | Reached skill level 16 in Long Blades
   280 | D        | Killed a hill giant
   280 | D        | Acquired Makhleb's fourth power
   280 | D        | Reached skill level 17 in Long Blades
   280 | D        | Reached skill level 10 in Armour
   280 | D        | Reached XP level 9. HP: 40/81 MP: 9/9
   293 | D        | Killed a vampire mosquito
   697 | D        | Noticed a hippogriff
   697 | D        | Noticed a giant frog
   697 | D        | Noticed a hound
   699 | D        | Reached skill level 1 in Invocations
   702 | D        | Noticed a porcupine
   703 | D        | Killed a hound
   703 | D        | Acquired Makhleb's fifth power
   705 | D        | Noticed a polar bear
   706 | D        | Killed a giant frog
   716 | D        | Killed a hippogriff
   719 | D        | Killed a porcupine
   726 | D        | Killed a polar bear
   736 | D        | Noticed a griffon
   736 | D        | Noticed a four-headed hydra
   736 | D        | Noticed a black mamba
   736 | D        | Noticed a black mamba
   736 | D        | Noticed a giant frog
   739 | D        | Noticed a hound
   739 | D        | Killed a giant frog
   739 | D        | Reached skill level 10 in Invocations
   746 | D        | Killed a black mamba
   747 | D        | Noticed a crocodile
   757 | D        | Killed a black mamba
   766 | D        | HP: 4/81 [poisoned by a black mamba]
   768 | D        | Killed a five-headed hydra
   768 | D        | Reached XP level 10. HP: 4/88 MP: 20/27
   773 | D        | Killed a hound
   773 | D        | Killed a crocodile
   774 | D        | Killed a griffon
   774 | D        | Reached skill level 15 in Invocations
  1096 | D        | Noticed a warg
  1096 | D        | Noticed a wolf
  1096 | D        | Noticed a warg
  1096 | D        | Noticed a wolf
  1096 | D        | Noticed a wolf
  1097 | D        | Noticed a wolf
  1098 | D        | Noticed a wolf
  1104 | D        | Killed a wolf
  1109 | D        | Noticed a wolf
  1111 | D        | Killed a warg
  1111 | D        | Reached skill level 5 in Shields
  1115 | D        | Killed a warg
  1118 | D        | Killed a wolf
  1124 | D        | Killed a wolf
  1129 | D        | Killed a wolf
  1137 | D        | Killed a wolf
  1139 | D        | Killed a wolf
  1229 | D        | Noticed Gastronok
  1296 | D        | Killed Gastronok
  1431 | D        | Noticed an orc priest
  1431 | D        | Noticed an orc wizard
  1431 | D        | Noticed an orc warrior
  1431 | D        | Noticed an orc priest
  1431 | D        | Noticed an orc wizard
  1431 | D        | Noticed an orc warrior
  1434 | D        | Noticed an orc wizard
  1437 | D        | Killed an orc warrior
  1447 | D        | Killed an orc warrior
  1452 | D        | Killed an orc wizard
  1454 | D        | Noticed an orc priest
  1454 | D        | Killed an orc priest
  1456 | D        | Killed an orc wizard
  1457 | D        | Noticed an orc priest
  1461 | D        | Killed an orc priest
  1464 | D        | Killed an orc wizard
  1467 | D        | Killed an orc priest
  1469 | D        | Killed an orc priest
  1677 | D        | Noticed an orc high priest
  1677 | D        | Noticed an orc warrior
  1677 | D        | Noticed an orc warrior
  1677 | D        | Noticed an orc knight
  1677 | D        | Noticed an orc warrior
  1677 | D        | Noticed an orc warrior
  1680 | D        | Killed an orc warrior
  1691 | D        | Killed an orc knight
  1691 | D        | Reached XP level 11. HP: 86/94 MP: 28/28
  1693 | D        | Killed an orc warrior
  1695 | D        | Killed an orc warrior
  1695 | D        | Killed an orc warrior
  1695 | D        | Killed an orc warrior
  1698 | D        | Killed an orc high priest
  1702 | D        | Noticed an orc warrior
  1704 | D        | Noticed an orc wizard
  1705 | D        | Killed an orc warrior
  1706 | D        | Noticed an orc warrior
  1708 | D        | Killed an orc wizard
  1709 | D        | Killed an orc warrior
  1718 | D        | Noticed an orc high priest
  1733 | D        | Killed an orc high priest
  1899 | D        | Found Brogro's Gadget Boutique.
  1899 | D        | Noticed an orc high priest
  1899 | D        | Noticed an orc sorcerer
  1899 | D        | Noticed an orc sorcerer
  1899 | D        | Noticed an orc high priest
  1902 | D        | Noticed a sun demon
  1903 | D        | Noticed an orc high priest
  1903 | D        | Killed an orc high priest
  1904 | D        | Found Gruvigoy's Antique Armour Shop.
  1904 | D        | Noticed an orc knight
  1911 | D        | Killed an orc sorcerer
  1917 | D        | Killed an orc sorcerer
  1917 | D        | Reached skill level 15 in Armour
  1942 | D        | Found Wuutanopt's Book Boutique.
  1954 | D        | Killed an orc high priest
  1963 | D        | Killed an orc high priest
  1983 | D        | Killed an orc knight
  1984 | D        | Found Rennusit's Gadget Shop.
  1986 | D        | Noticed an orc sorcerer
  1987 | D        | Noticed an orc high priest
  2019 | D        | Paralysed by an orc sorcerer for 5 turns
  2020 | D        | HP: 4/94 [orc sorcerer/bolt of fire (18)]
  2023 | D        | Noticed an ice devil
  2023 | D        | Killed from afar by an orc high priest

Action                   |  1- 3 |  4- 6 |  7- 9 | 10-12 || total
-------------------------+-------+-------+-------+-------++-------
Melee: Long sword        |    60 |       |       |       ||    60
       Scimitar          |     5 |    18 |    70 |   170 ||   263
Invok: Greater Servant o |       |       |     2 |     1 ||     3
       Lesser Servant of |       |       |     1 |       ||     1
Evoke: Wand              |       |       |     3 |       ||     3
  Use: Potion            |     1 |       |     2 |     2 ||     5
  Eat: Chunk             |       |       |     1 |     4 ||     5
